 Dungeon Crawl Stone Soup version 5.2-56-g927a965 (webtiles) character file.

129 Diojeanne the Severer (level 13, -3/174 HPs) *CASUAL*
             Began as a Minotaur Berserker on Feb 6, 2018.
             Was a High Priest of Trog.
             Slain by an eight-headed hydra (7 damage)
             ... on level 13 of the Dungeon.
             The game lasted 00:32:14 (12397 turns).

Diojeanne the Severer (Minotaur Berserker)         Turns: 12397, Time: 00:32:15

Health: -3/174     AC: 12 (24%)Str: 32  XL:     13   Next: 51%
Magic:  12/12      EV: 16    Int:  4    God:    Trog [5*[135]]
Gold:   1167       SH:  5    Dex: 10    Spells: 12/12 levels left

rFire    . . .     SeeInvis .   a - +5 hand axe
rCold    . . .     Faith    .   C - +0 buckler
rNeg     . . .     Spirit   .   i - +1 ring mail {MR+}
rPois    .         Reflect  .   (helmet restricted)
rElec    .                      v - +0 cloak
rCorr    .                      l - +0 pair of gloves
MR       +....                  (no boots)
Stlth    ..........             E - amulet of regeneration
Regen    0.8/turn               (no ring)
MPRegen  0.2/turn               (no ring)

@: berserking, very quick
A: retaliatory headbutt, horns 2
a: Berserk, Trog's Hand, Brothers in Arms, Renounce Religion


You were on level 13 of the Dungeon.
You worshipped Trog.
Trog was extremely pleased with you.
You were not hungry.

You visited 1 branch of the dungeon, and saw 13 of its levels.

You collected 1167 gold pieces.

Inventory:

Hand Weapons
 a - a +5 hand axe (weapon)
 u - a +0 battleaxe
 F - a +2 war axe of holy wrath
 L - a +1 battleaxe
Missiles
 c - 4473 stones (quivered)
 g - 710 arrows
 k - 320 bolts
 w - 7 curare darts
Armour
 i - a +1 ring mail of magic resistance (worn)
 l - a +0 pair of gloves (worn)
 q - a +0 troll leather armour
 v - a +0 cloak (worn)
 B - a +0 shield
 C - a +0 buckler (worn)
Magical Staves
 b - an uncursed staff of death
Jewellery
 x - an uncursed amulet of magic regeneration
 y - an uncursed ring of fire
 E - an amulet of regeneration (around neck)
 G - an uncursed amulet of guardian spirit
 J - an uncursed ring of ice
Wands
 j - a wand of digging (12)
 o - a wand of iceblast (12)
 I - a wand of lightning (6)
Scrolls
 d - 4 scrolls of teleportation
 e - 3 scrolls of enchant weapon
 f - 2 scrolls of blinking
 m - a scroll of immolation
 n - 3 scrolls of enchant armour
 p - a scroll of magic mapping
 s - a scroll of silence
 H - a scroll of brand weapon
Potions
 h - a potion of haste
 r - 2 potions of resistance
 t - 3 potions of curing
 z - a potion of flight
 A - a potion of mutation
 D - 2 potions of cancellation
 K - a potion of lignification


   Skills:
 + Level 11.5 Fighting
 * Level 15.2 Axes
 * Level 15.1 Armour
 + Level 10.4 Dodging
 + Level 7.9 Shields


You had 12 spell levels left.
You didn't know any spells.

Dungeon Overview and Level Annotations

Branches:
Dungeon (13/15)

Altars:
Cheibriados
Dithmenos
Elyvilon
Gozag
Hepliaklqana
Jiyva
Kikubaaqudgha
Makhleb
Nemelex Xobeh
Okawaru
Qazlal
Ru
Sif Muna
Trog
Uskayaw
Vehumet
Wu Jian
Xom
Yredelemnul
Zin
The Shining One


Innate Abilities, Weirdness & Mutations

You reflexively headbutt those who attack you in melee.
You have a pair of horns on your head.


Message History

* * * LOW HITPOINT WARNING * * *
The eight-headed hydra bites you but does no damage.
The eight-headed hydra bites you (5).
* * * LOW HITPOINT WARNING * * *
The eight-headed hydra bites you (1).
* * * LOW HITPOINT WARNING * * *
The eight-headed hydra bites you but does no damage. x4
A red film seems to cover your vision as you go berserk!
You feel yourself moving faster!
You feel mighty! The eight-headed hydra bites you (6).
* * * LOW HITPOINT WARNING * * *
The eight-headed hydra bites you but does no damage.
You block the eight-headed hydra's attack.
The eight-headed hydra misses you. The eight-headed hydra bites you (1).
* * * LOW HITPOINT WARNING * * *
The eight-headed hydra bites you (9)!
* * * LOW HITPOINT WARNING * * *
The eight-headed hydra barely misses you.
The eight-headed hydra bites you (7)!
You die...

...............
........(......
#...............
#..........$....
.................
..#..............
.#.....D.........
........@........
.................
.................
.................
.................
............>....
.................
.................
...........####..


You could see an eight-headed hydra.

Vanquished Creatures
  2 hydras (D:11)
  Fannar (D:12)
  2 two-headed ogres
  An unseen horror (D:10)
  An ugly thing (D:11)
  An orc sorcerer (D:11)
  3 manticores
  A cyclops (D:11)
  A black mamba (D:11)
  3 spiny frogs
  2 centaur skeletons
  A rime drake (D:11)
  A troll (D:11)
  13 blink frogs
  2 wyverns
  6 yaks
  An angry ghost (D:10)
  Duvessa (D:7)
  2 spiny frog zombies (D:10)
  3 water moccasins
  A black bear (D:9)
  4 orc warriors
  2 wasps
  4 ice beasts
  8 ogres
  4 centaurs
  A bullfrog (D:8)
  2 gnoll sergeants
  4 wyvern skeletons
  5 wyvern zombies
  2 scorpions
  Dowan (D:7)
  15 killer bees (D:10)
  4 crimson imps
  3 wights (D:12)
  A howler monkey (D:5)
  2 quasits
  3 centaur zombies
  4 jellies
  A bullfrog zombie (D:5)
  A gnoll shaman (D:4)
  6 hounds
  3 orc priests
  Terence (D:2)
  9 orc wizards
  6 worker ants
  2 hell rats (D:7)
  8 iguanas
  A hound zombie (D:5)
  A hound skeleton (D:4)
  7 adders
  18 gnolls
  A howler monkey skeleton (D:4)
  2 shadow imps
  An ooze (D:1)
  An adder skeleton (D:4)
  2 dart slugs (D:2)
  17 orcs
  6 quokkas
  A ball python (D:1)
  A bat (D:2)
  5 giant cockroaches
  7 goblins
  6 hobgoblins
  9 jackals
  4 frilled lizards
  4 kobolds
  A quokka skeleton (D:4)
  26 rats
276 creatures vanquished.

Notes
Turn   | Place    | Note
-------+----------+-------------------------------------------
     0 | D:1      | Diojeanne the Minotaur Berserker began the quest for the Orb.
     0 | D:1      | Reached XP level 1. HP: 19/19 MP: 0/0
    81 | D:1      | Reached XP level 2. HP: 27/27 MP: 1/1
   248 | D:1      | Reached XP level 3. HP: 33/33 MP: 2/2
   648 | D:2      | Reached ** piety under Trog
   710 | D:2      | Reached XP level 4. HP: 34/40 MP: 3/3
   801 | D:2      | Noticed Terence
   817 | D:2      | Killed Terence
   817 | D:2      | Reached skill level 5 in Axes
   817 | D:2      | Reached XP level 5. HP: 37/47 MP: 4/4
   845 | D:2      | Found a hazy altar of Hepliaklqana.
   993 | D:2      | Found a faded altar of an unknown god.
  1446 | D:3      | Found a radiant altar of Vehumet.
  1462 | D:3      | Found a shimmering altar of Xom.
  1585 | D:3      | Found a glowing silver altar of Zin.
  1621 | D:3      | Found a burning altar of Makhleb.
  1691 | D:3      | Found a sparkling altar of Nemelex Xobeh.
  1795 | D:3      | Reached XP level 6. HP: 55/55 MP: 5/5
  1998 | D:4      | Reached skill level 5 in Fighting
  2020 | D:4      | Reached skill level 5 in Armour
  2075 | D:4      | Noticed a fire elemental
  2077 | D:4      | Found a stormy altar of Qazlal.
  2078 | D:4      | Noticed an air elemental
  2078 | D:4      | Noticed a water elemental
  2090 | D:4      | Found a shadowy altar of Dithmenos.
  2094 | D:4      | Reached XP level 7. HP: 52/61 MP: 6/6
  2101 | D:4      | Reached *** piety under Trog
  2373 | D:4      | Found a deep blue altar of Sif Muna.
  2757 | D:4      | Found a shadowy altar of Dithmenos.
  2757 | D:4      | Found a bloodstained altar of Trog.
  2757 | D:4      | Found an iron altar of Okawaru.
  2757 | D:4      | Found a snail-covered altar of Cheibriados.
  2802 | D:5      | Entered Level 5 of the Dungeon
  2806 | D:5      | Reached skill level 5 in Dodging
  2806 | D:5      | Reached XP level 8. HP: 70/70 MP: 7/7
  3100 | D:5      | Reached XP level 9. HP: 33/78 MP: 8/8
  3656 | D:5      | Found an ancient bone altar of Kikubaaqudgha.
  3867 | D:5      | Reached **** piety under Trog
  4084 | D:6      | Found a viscous altar of Jiyva.
  4289 | D:6      | Reached skill level 10 in Axes
  4296 | D:6      | Found an opulent altar of Gozag.
  4818 | D:6      | Found a basalt altar of Yredelemnul.
  4859 | D:6      | Reached skill level 10 in Armour
  5789 | D:7      | Reached XP level 10. HP: 88/88 MP: 9/9
  5800 | D:7      | Found an ornate altar of the Wu Jian Council.
  5876 | D:7      | Noticed Dowan
  5877 | D:7      | Noticed Duvessa
  5894 | D:7      | Killed Dowan
  5896 | D:7      | Killed Duvessa
  5933 | D:7      | Found a white marble altar of Elyvilon.
  6263 | D:7      | Reached ***** piety under Trog
  6597 | D:7      | Found a glowing golden altar of the Shining One.
  6845 | D:7      | Found a sacrificial altar of Ru.
  6874 | D:7      | Found a hide-covered altar of Uskayaw.
  7126 | D:8      | Found a sparkling altar of Nemelex Xobeh.
  7429 | D:8      | Reached skill level 1 in Shields
  8005 | D:9      | Noticed a spiny frog
  8011 | D:9      | Killed a spiny frog
  8011 | D:9      | Reached XP level 11. HP: 63/97 MP: 10/10
  8037 | D:9      | Noticed a two-headed ogre
  8045 | D:9      | Killed a two-headed ogre
  8376 | D:10     | Entered Level 10 of the Dungeon
  9033 | D:10     | Killed an unseen horror
  9514 | D:10     | Noticed a two-headed ogre
  9533 | D:10     | Killed a two-headed ogre
  9533 | D:10     | Reached skill level 10 in Fighting
  9533 | D:10     | Reached skill level 5 in Shields
  9533 | D:10     | Reached XP level 12. HP: 17/106 MP: 11/11
 10641 | D:11     | Noticed a six-headed hydra
 10662 | D:11     | Noticed a six-headed hydra
 10670 | D:11     | Killed a six-headed hydra
 10677 | D:11     | Killed a six-headed hydra
 10684 | D:11     | HP: 3/162 [manticore (8)]
 11362 | D:11     | Reached skill level 10 in Dodging
 11428 | D:11     | Reached XP level 13. HP: 89/115 MP: 12/12
 11910 | D:12     | Found a snail-covered altar of Cheibriados.
 11991 | D:12     | Noticed Fannar
 12016 | D:12     | Killed Fannar
 12016 | D:12     | Reached skill level 15 in Axes
 12288 | D:12     | Reached skill level 15 in Armour
 12397 | D:13     | HP: 4/174 [eight-headed hydra (9)]
 12397 | D:13     | Slain by an eight-headed hydra

Skill      XL: |  1  2  3  4  5  6  7  8  9 10 11 12 13 |
---------------+----------------------------------------+-----
Axes           | 4 5 6 7 8 10 12 13 14 15 | 15.2
Armour         | 3 4 5 6 8 10 11 13 14 15 | 15.1
Fighting       | 4 5 6 7 9 10 11 | 11.5
Dodging        | 3 4 5 6 8 9 10 | 10.4
Shields        | 2 5 7 |  7.9

Action                   |  1- 3 |  4- 6 |  7- 9 | 10-12 | 13-15 || total
-------------------------+-------+-------+-------+-------+-------++-------
Melee: Hand axe          |    34 |    91 |   190 |   444 |   128 ||   887
       Headbutt          |     3 |    15 |    39 |    81 |    26 ||   164
Throw: Stone             |    58 |    54 |       |     1 |     6 ||   119
Invok: Berserk           |       |       |     2 |     1 |     1 ||     4
       Trog's Hand       |       |       |       |     1 |       ||     1
  Use: Potion            |       |       |       |     2 |       ||     2
Armor: Animal skin       |     1 |       |       |       |       ||     1
       Ring mail         |       |    22 |    68 |    91 |    30 ||   211
       Skin              |       |       |       |    38 |       ||    38
Dodge: Dodged            |    21 |    56 |   129 |   218 |    77 ||   501
Block: Buckler           |       |       |       |    50 |    21 ||    71
